[Event "*** MasterClass Titled Tuesday Blitz"]
[Site "Chess.com"]
[Date "2017.12.12"]
[Round "1"]
[White "GMAkobianSTL"]
[Black "filali-oujda"]
[Result "1-0"]
[WhiteElo "2654"]
[BlackElo "2344"]
[TimeControl "180+2"]
[EndTime "13:07:14 PST"]
[Termination "GMAkobianSTL won by resignation"]

1. d4 c6 2. c4 d5 3. cxd5 cxd5 4. Nf3 Nf6 5. Nc3 Nc6 6. Bf4 e6 7. e3 a6 8. Bd3 Bd6 9. Bg3 O-O 10. Ne5 g6 11. f4 Nh5 12. Bf2 f6 13. Nf3 b5 14. O-O Bb7 15. Rc1 Rc8 16. Qe2 Qe7 17. Bh4 Ng7 18. g4 Qf7 19. Bg3 Rfe8 20. Qg2 b4 21. Na4 Na5 22. b3 Qe7 23. Qd2 Nc6 24. Bh4 Qf7 25. Ne5 fxe5 26. fxe5 Qc7 27. exd6 Qxd6 28.
Nc5 Ba8 29. Bxa6 Rcd8 30. Bxd8 Rxd8 31. Qf2 e5 32. Bb7 exd4 33. exd4 Kh8 34. Bxa8 Rxa8 35. Rce1 h6 36. Qf6 Qc7 37. Ne6 Qe7 38. Nxg7 Qxg7 39. Qxc6 Rxa2 40. Qe8+ Kh7 41. Re7 1-0

[Event "*** MasterClass Titled Tuesday Blitz"]
[Site "Chess.com"]
[Date "2017.12.12"]
[Round "1"]
[White "johannesh"]
[Black "SantoBlue"]
[Result "0-1"]
[WhiteElo "2294"]
[BlackElo "2595"]
[TimeControl "180+2"]
[EndTime "13:07:18 PST"]
[Termination "SantoBlue won by resignation"]

1. d4 Nf6 2. c4 e6 3. Nf3 b6 4. g3 Bb7 5. Bg2 Be7 6. O-O O-O 7. d5 exd5 8. Nh4 c6 9. cxd5 Nxd5 10. Nf5 Bf6 11. Nd6 Ba6 12. Bxd5 cxd5 13. Qxd5 Nc6 14. Re1 Nd4 15. Na3 Nxe2+ 16. Kg2 Nxc1 17. Raxc1 Bxb2 18. Nac4 Bxc1 19. Rxc1 Bxc4 20. Rxc4 Qf6 21. Re4 b5 22. Nxb5 Rab8 23. Nd6 Rb2 24. Nf5 g6 25. Nh6+ Kh8 26.
Ng4 Qg7 27. Re7 Rb6 28. Rxd7 Re6 29. Rxa7 h5 30. Ne3 Qf6 31. a4 Kg7 32. a5 Rd8 33.
Qb3 Rd2 34. Nd1 Red6 0-1

[Event "*** MasterClass Titled Tuesday Blitz"]
[Site "Chess.com"]
[Date "2017.12.12"]
[Round "1"]
[White "MartinZumsande"]
[Black "liquormark"]
[Result "1-0"]
[WhiteElo "2455"]
[BlackElo "2018"]
[TimeControl "180+2"]
[EndTime "13:07:19 PST"]
[Termination "MartinZumsande won by resignation"]

1. e4 c6 2. d4 d5 3. exd5 cxd5 4. c4 e6 5. Nc3 Nf6 6. Nf3 Be7 7. cxd5 exd5 8. Bd3 O-O 9. h3 Nc6 10. O-O Bd7 11. Bg5 Rc8 12. Bxf6 Bxf6 13. Nxd5 h6 14. Nxf6+ Qxf6 15. Re1 Rfd8 16. d5 Nb4 17. Be4 Bf5 18. Qb3 Bxe4 19. Rxe4 Nxd5 20. Qxb7 Rb8 21. Qxa7 Qxb2 22.
Rae1 Ra8 23. Qd4 Qxd4 24. Rxd4 Rxa2 25. Red1 Ra5 26. Nh2 f5 27. g4 f4 28. Nf3 Kf8 29.
Ne5 Ke7 30. Nc6+ 1-0

[Event "*** MasterClass Titled Tuesday Blitz"]
[Site "Chess.com"]
[Date "2017.12.12"]
[Round "1"]
[White "marianokar"]
[Black "A-Fier"]
[Result "0-1"]
[WhiteElo "2307"]
[BlackElo "2597"]
[TimeControl "180+2"]
[EndTime "13:07:23 PST"]
[Termination "A-Fier won by resignation"]

1. d4 Nf6 2. Nf3 g6 3. c4 Bg7 4. Nc3 d5 5. e3 O-O 6. Be2 c6 7.
O-O Bg4 8. cxd5 Nxd5 9. e4 Nxc3 10. bxc3 Nd7 11. Be3 Bxf3 12. Bxf3 Qa5 13. Qb3 Nb6 14. a4 Rad8 15. Rfd1 e6 16. Ra2 e5 17. d5 c5 18.
c4 Rc8 19. Rb1 Rc7 20. Bd2 Qa6 21. Be2 Nc8 22. a5 Nd6 23. Bd3 Rb8 24. Qc2 Nc8 25.
Rab2 Qd6 26. h4 h5 27. g3 Qd8 28.
Kg2 Nd6 29. Bc3 Qd7 30. Re1 Re8 31. Ra2 Qd8 32. Raa1 Rce7 33. Rab1 Qd7 34. Ra1 f5 35. Re2 f4 36. Ree1 Rf8 37. Be2 Ref7 38. Bd3 Qg4 39. Qd1 fxg3 40. Qxg4 hxg4 41. fxg3 Rf2+ 42. Kg1 R2f3 43.
Rad1 Rxg3+ 44. Kh2 Rh3+ 45. Kg2 Rff3 0-1

[Event "*** MasterClass Titled Tuesday Blitz"]
[Site "Chess.com"]
[Date "2017.12.12"]
[Round "1"]
[White "GM-2023"]
[Black "TheLancer"]
[Result "0-1"]
[WhiteElo "2022"]
[BlackElo "2456"]
[TimeControl "180+2"]
[EndTime "13:07:32 PST"]
[Termination "TheLancer won by checkmate"]

1. e4 c5 2. Nf3 g6 3. d4 cxd4 4. Nxd4 Bg7 5. Nc3 Nc6 6. Be3 Nf6 7. Nxc6 bxc6 8. e5 Ng8 9. Bd4 Qa5 10. Bc4 Bxe5 11.
O-O Nf6 12. Re1 d6 13. Bxe5 dxe5 14. Qf3 O-O 15. Qg3 e4 16. Nxe4 Nxe4 17. Rxe4 Bf5 18. Re5 Qb4 19. b3 Qd6 20. Rae1 e6 21. h4 Rad8 22. h5 Qd4 23. hxg6 Bxg6 24. Rg5 Qd2 25. Re3 Qxc2 26. Rf3 Rd1+ 27. Kh2 Qb1 28. Kh3 Rh1+ 29. Kg4 h5+ 30. Kf4 Qe4# 0-1

[Event "*** MasterClass Titled Tuesday Blitz"]
[Site "Chess.com"]
[Date "2017.12.12"]
[Round "1"]
[White "inegrepus"]
[Black "RitvarsReimanis"]
[Result "0-1"]
[WhiteElo "2033"]
[BlackElo "2457"]
[TimeControl "180+2"]
[EndTime "13:07:37 PST"]
[Termination "RitvarsReimanis won by resignation"]

1. d4 e6 2. e4 d5 3. Nd2 c6 4. Ngf3 f5 5. exf5 exf5 6. Bd3 Nf6 7. O-O Bd6 8. Re1+ Ne4 9. c4 Be6 10. cxd5 cxd5 11. Qb3 Qb6 12. Bb5+ Nc6 13. Nxe4 fxe4 14. Rxe4 Kd7 15. Ne5+ Bxe5 16. Rxe5 Qxd4 17. Re3 Rhf8 18.
Qc3 Qxc3 19. bxc3 a6 20. Bxc6+ bxc6 21. Ba3 Rfe8 22. Rb1 Rab8 23. Rxb8 Rxb8 24. h3 Rb1+ 25. Kh2 Ra1 26. Rg3 g6 27. Bc5 Rxa2 28. Rd3 Ra5 29. Bb4 Rb5 30. Rd1 a5 31. Bf8 Kc7 32. Re1 Kd7 33. Ra1 Rb8 34. Bg7 Ra8 35. Ra4 c5 36.
Be5 Kc6 37. Bf4 Kb5 38. Ra1 a4 39. Rb1+ Kc4 40. Be5 a3 41. Ra1 a2 42. Kg3 Bf5 43.
f4 Bb1 44. Kf3 Ra3 45. Ke2 Rxc3 46. Bxc3 Kxc3 47. g4 Kb2 48. Rxa2+ Kxa2 49. f5 gxf5 50. g5 Be4 51. Ke3 d4+ 52. Kf4 d3 53. h4 d2 54. h5 d1=Q 55. g6 Qg4+ 56. Ke5 hxg6 57. h6 Qh5 0-1

[Event "*** MasterClass Titled Tuesday Blitz"]
[Site "Chess.com"]
[Date "2017.12.12"]
[Round "1"]
[White "dcremisi"]
[Black "daro94"]
[Result "0-1"]
[WhiteElo "2336"]
[BlackElo "2648"]
[TimeControl "180+2"]
[EndTime "13:07:39 PST"]
[Termination "daro94 won on time"]

1. d4 Nf6 2. Nf3 d5 3. Bf4 c5 4. c3 Qb6 5. Qc1 Nc6 6. e3 Bf5 7. Nbd2 e6 8. Nh4 Bg6 9. Nxg6 hxg6 10. Be2 Be7 11. O-O Nh5 12. Bg3 Nxg3 13. hxg3 Rc8 14. Nb3 c4 15. Nd2 Qc7 16. b3 b5 17. b4 a5 18. a4 axb4 19. axb5 Na7 20. Qb1 Nxb5 21. cxb4 Nc3 22. Qe1 Nxe2+ 23. Qxe2 Bxb4 24. Rfb1 Bxd2 25. Qxd2 O-O 26. Qb4 Ra8 27. Rxa8 Rxa8 28. Qb7 Qxb7 29. Rxb7 Ra1+ 30. Kh2 Rf1 31. f3 Re1 32. Rb8+ Kh7 33. Rb7 f5 34. Kh3 Rxe3 35. f4 Re1 36. Kh2 Rd1 37.
Re7 Rxd4 38. Rxe6 c3 0-1

[Event "*** MasterClass Titled Tuesday Blitz"]
[Site "Chess.com"]
[Date "2017.12.12"]
[Round "1"]
[White "wonderfultime"]
[Black "TijanaBlagojevic"]
[Result "1-0"]
[WhiteElo "2712"]
[BlackElo "2384"]
[TimeControl "180+2"]
[EndTime "13:07:40 PST"]
[Termination "wonderfultime won by resignation"]

1. d4 d5 2. Bf4 c5 3. c3 Nc6 4.
e3 Nf6 5. Nd2 cxd4 6. exd4 Bf5 7. Ngf3 Nh5 8. Be5 e6 9. h3 Nf6 10. Qb3 Qd7 11. Bf4 a6 12. Be2 Be7 13. O-O O-O 14.
Rfe1 Na5 15. Qd1 b5 16. Ne5 Qb7 17. b4 Nc4 18. Nb3 Nd7 19. Nxd7 Qxd7 20. Nc5 Qc6 21. Qb3 a5 22. a3 Ra7 23. a4 axb4 24. axb5 Rxa1 25. Rxa1 Qxb5 26. Qxb4 Qxb4 27. cxb4 Bd6 28.
Bxd6 Nxd6 29. Ra6 Nc4 30. b5 Rb8 31. Nd7 Rd8 32. b6 e5 33. b7 Nd6 34. b8=Q 1-0

[Event "*** MasterClass Titled Tuesday Blitz"]
[Site "Chess.com"]
[Date "2017.12.12"]
[Round "1"]
[White "MITerryble"]
[Black "NateSolon"]
[Result "1-0"]
[WhiteElo "2659"]
[BlackElo "2346"]
[TimeControl "180+2"]
[EndTime "13:07:41 PST"]
[Termination "MITerryble won by resignation"]

1. d4 d5 2. Nf3 Nf6 3. c4 dxc4 4. e3 Bg4 5. Bxc4 e6 6. Qb3 Bxf3 7. gxf3 Qc8 8. Rg1 g6 9. e4 Bg7 10. e5 Nfd7 11.
f4 O-O 12. h4 Nc6 13. Qc3 Nb6 14. Bb5 Nd5 15. Qc4 Qd8 16. Nc3 Qxh4 17. Nxd5 exd5 18. Qc3 Ne7 19. Bd3 c6 20. Be3 f6 21. O-O-O fxe5 22. dxe5 Rxf4 23. Bxf4 Qxf4+ 24. Kb1 Bxe5 25. Qb3 b5 26. Rde1 Rf8 27. Re2 Bd6 28. Re6 Nf5 29.
Qc3 Nd4 30. Rxd6 Qxd6 31. Qxd4 Qf6 32. Qg4 Kg7 33. Rf1 Rf7 34. f4 Qd4 35. Qg3 Re7 36.
f5 Re3 37. f6+ Kf8 38. Qd6+ Kf7 39. Qd7+ Kf8 40. Qg7+ Ke8 41. f7+ 1-0

[Event "*** MasterClass Titled Tuesday Blitz"]
[Site "Chess.com"]
[Date "2017.12.12"]
[Round "1"]
[White "visa"]
[Black "PulpanJ"]
[Result "0-1"]
[WhiteElo "2101"]
[BlackElo "2462"]
[TimeControl "180+2"]
[EndTime "13:07:43 PST"]
[Termination "PulpanJ won on time"]

1. Nf3 Nf6 2. g3 d5 3. Bg2 e6 4. O-O Be7 5. c4 O-O 6. b3 a5 7. Bb2 a4 8. Qc1 c6 9. d3 Nbd7 10. bxa4 Rxa4 11. Nc3 Ra8 12. a4 Nc5 13. Qc2 Bd7 14.
Nd2 Ne8 15. d4 Na6 16. Qb3 Bb4 17. Ba3 Bxa3 18. Rxa3 Qe7 19. c5 Nec7 20. Rb1 e5 21. e3 e4 22. Qc2 Bc8 23. Qd1 Nb8 24. Qh5 Nd7 25. Bh3 Nf6 26. Qh4 Ne6 27. Ne2 Kh8 28. Bxe6 fxe6 29. Nf4 Qf7 30. Nf1 Rg8 31. Nh3 h6 32. Kg2 Nh7 33. Qf4 Qh5 34. g4 Qg6 35. Qg3 Nf6 36. f3 exf3+ 37. Kxf3 Qxb1 0-1

[Event "*** MasterClass Titled Tuesday Blitz"]
[Site "Chess.com"]
[Date "2017.12.12"]
[Round "1"]
[White "grzechu96"]
[Black "Oleksandr_Bortnyk"]
[Result "0-1"]
[WhiteElo "2424"]
[BlackElo "2834"]
[TimeControl "180+2"]
[EndTime "13:07:46 PST"]
[Termination "Oleksandr_Bortnyk won by resignation"]

1. e4 Nf6 2. e5 Nd5 3. d4 d6 4.
c4 Nb6 5. exd6 exd6 6. Nc3 Be7 7.
Be3 O-O 8. Bd3 Nc6 9. Nge2 Bg4 10. Qd2 d5 11. c5 Nc4 12. Bxc4 dxc4 13. O-O Bf6 14.
f3 Bf5 15. Rfd1 Re8 16. Bf2 Nb4 17. d5 Bd3 18. Nc1 Bc2 19. Rf1 Bg6 20. Bd4 Bxd4+ 21. Qxd4 Nc2 22. Qxc4 Nxa1 23. Ne4 b5 24. Qd3 f5 25.
Nf2 Qe7 26. Qb1 Qxc5 27. Qxa1 f4 28. Kh1 Qxf2 29. Nb3 Qe3 30. Qd1 Rad8 0-1

[Event "*** MasterClass Titled Tuesday Blitz"]
[Site "Chess.com"]
[Date "2017.12.12"]
[Round "1"]
[White "dolynachess"]
[Black "Kaphrep"]
[Result "0-1"]
[WhiteElo "2285"]
[BlackElo "2585"]
[TimeControl "180+2"]
[EndTime "13:07:47 PST"]
[Termination "Kaphrep won by resignation"]

1. d4 Nf6 2. c4 e6 3. Nc3 d5 4.
cxd5 exd5 5. Bg5 c6 6. e3 Be7 7. Bd3 O-O 8. Nge2 Nbd7 9. O-O Re8 10. Qc2 Nf8 11. a3 g6 12. b4 Ne6 13. Bh4 Bd7 14. b5 c5 15. Bxf6 Bxf6 16. Nxd5 Bg7 17. dxc5 Bxa1 18. Rxa1 Bxb5 19. Bxb5 Qxd5 20. Bxe8 Rxe8 21.
c6 Qxc6 22. Qxc6 bxc6 23. Nc3 Rb8 24. Rb1 Rxb1+ 25. Nxb1 Kg7 26. Kf1 Kf6 27. Ke2 Ke5 28. Kd3 Kd6 29. Kc4 Nc5 30. Nc3 f5 31. f3 Nd7 32. e4 Ne5+ 33. Kd4 c5+ 34. Ke3 Nc4+ 35. Kf4 fxe4 36. Nxe4+ Kd5 37. Nf6+ Kd4 38. Nxh7 Nxa3 39.
Ng5 Nb5 40. Ne4 a5 41. g4 a4 42. h4 a3 43. h5 g5+ 44. Kxg5 a2 45. Nd2 c4 46. h6 a1=Q 47. h7 Kd3 48. Ne4 Qg7+ 0-1

[Event "*** MasterClass Titled Tuesday Blitz"]
[Site "Chess.com"]
[Date "2017.12.12"]
[Round "1"]
[White "platy3"]
[Black "Kawhi_Leonard2"]
[Result "1-0"]
[WhiteElo "2556"]
[BlackElo "2257"]
[TimeControl "180+2"]
[EndTime "13:07:48 PST"]
[Termination "platy3 won by resignation"]

1. e4 c5 2. Nf3 d6 3. d4 cxd4 4. Nxd4 Nf6 5. Nc3 g6 6. Be3 Bg7 7. f3 Nc6 8. Qd2 O-O 9. O-O-O d5 10. Qe1 e5 11. Nxc6 bxc6 12. exd5 Nxd5 13. Bc4 Be6 14. Kb1 a5 15. Qd2 Nxe3 16. Qxe3 Qc8 17. Qc5 Bxc4 18. Qxc4 Rb8 19. Ne4 Qb7 20. b3 Qb5 21. Qxb5 cxb5 22. Rd5 a4 23. b4 f5 24. Nc5 Rfe8 25. Re1 Rbc8 26. Kc1 e4 27. fxe4 fxe4 28. Rxe4 Rxe4 29. Nxe4 Rc4 30. Rd8+ Bf8 31. Nc5 Kf7 32. Nd3 Bxb4 33.
Rb8 Bd6 34. Rb7+ Kg8 35. h3 b4 36. Kd2 h5 37. Rb6 Bf4+ 38. Nxf4 Rxf4 39. Rxg6+ Kf7 40. Rg5 Rf2+ 41. Kd3 Rxg2 42. Rxg2 1-0

[Event "*** MasterClass Titled Tuesday Blitz"]
[Site "Chess.com"]
[Date "2017.12.12"]
[Round "1"]
[White "ShimanovAlex"]
[Black "Alliswell998"]
[Result "1-0"]
[WhiteElo "2647"]
[BlackElo "2335"]
[TimeControl "180+2"]
[EndTime "13:07:49 PST"]
[Termination "ShimanovAlex won by resignation"]

1. d4 Nf6 2. c4 c5 3. Nf3 cxd4 4. Nxd4 g6 5. Nc3 b6 6. e4 d6 7. Be2 Bg7 8. O-O O-O 9. Be3 Bb7 10. f3 Nbd7 11.
Qd2 Rc8 12. Rac1 a6 13. Rfd1 Re8 14. b3 e6 15. Nc2 Bf8 16. Qe1 Qc7 17. Qf2 Qb8 18.
Na4 Nc5 19. Nxb6 Rc6 20. Bxc5 Rxc5 21. Na4 Rh5 22. h3 Bc6 23. Nc3 Ba8 24. Nd4 d5 25. f4 Rh6 26. e5 Ne4 27. Nxe4 dxe4 28. c5 Qa7 29. b4 Rc8 30. Nb3 Qb7 31. Na5 Qxb4 32. Nb3 Qb7 33. Qe3 Be7 34. Rc2 Qc6 35. Rdc1 Rh4 36. Nd4 Qc7 37. Bxa6 Rd8 38. c6 g5 39.
fxg5 Qxe5 40. c7 Rf8 41. Nf3 Qg3 42. Qf2 Qxf2+ 43. Kxf2 exf3 44. c8=Q Rxc8 45. Rxc8+ Kg7 46. Rxa8 Bxg5 47. Rc4 fxg2 48. Rxh4 Bxh4+ 49. Kxg2 1-0

[Event "*** MasterClass Titled Tuesday Blitz"]
[Site "Chess.com"]
[Date "2017.12.12"]
[Round "1"]
[White "bugsbunny444"]
[Black "chesstatour"]
[Result "1-0"]
[WhiteElo "2442"]
[BlackElo "1984"]
[TimeControl "180+2"]
[EndTime "13:07:51 PST"]
[Termination "bugsbunny444 won by resignation"]

1. Nf3 g6 2. e4 Bg7 3. d4 d6 4. Nc3 Nf6 5. h3 O-O 6. Be3 Nc6 7. Bb5 Bd7 8. O-O a6 9. Bc4 e5 10. dxe5 dxe5 11. Bc5 Re8 12. Ng5 Be6 13. Nxe6 fxe6 14. f3 Nd4 15. Ne2 Nd7 16. Bxd4 exd4 17. Nxd4 Nb6 18.
Bxe6+ Kh8 19. Bd5 Nxd5 20. exd5 Qxd5 21. c3 Rad8 22. Nb3 Qc4 23. Qc1 Re2 24. Rf2 a5 25.
Qf1 Rde8 26. Nxa5 Qc5 27. Nb3 Qb6 28. Rd1 Bh6 29. Nd4 Be3 30. Qxe2 Bxf2+ 31. Qxf2 1-0

[Event "*** MasterClass Titled Tuesday Blitz"]
[Site "Chess.com"]
[Date "2017.12.12"]
[Round "1"]
[White "Kacparov"]
[Black "Schemato"]
[Result "1-0"]
[WhiteElo "2616"]
[BlackElo "2309"]
[TimeControl "180+2"]
[EndTime "13:07:52 PST"]
[Termination "Kacparov won by resignation"]

1. e4 e6 2. d4 d5 3. Nd2 Be7 4. Ngf3 Nf6 5. Bd3 c5 6. e5 Nfd7 7. c3 b6 8. O-O Ba6 9. Ne1 Bxd3 10. Nxd3 Nc6 11. Qg4 g6 12. Nf3 h5 13. Qg3 h4 14.
Qg4 h3 15. g3 cxd4 16. cxd4 Nb4 17. Nf4 Nf8 18. Nxh3 Qc7 19. Bd2 Rc8 20. Rac1 Qb7 21.
a3 Nd3 22. Rxc8+ Qxc8 23. b4 Nb2 24. Nhg5 Nc4 25. Bc1 Nh7 26. Nxh7 Rxh7 27. h4 Kd7 28.
Kg2 Rh5 29. Ng5 Bxg5 30. Bxg5 Qa6 31. Qf3 Rh7 32. Qf6 Qxa3 33. Qd8+ Kc6 34. Qe8+ Kb7 35. Qg8 Rh5 36. Qxf7+ Ka6 37. Qxg6 Rh8 38. Qxe6 Qd3 39. Qxd5 1-0

[Event "*** MasterClass Titled Tuesday Blitz"]
[Site "Chess.com"]
[Date "2017.12.12"]
[Round "1"]
[White "Parhamov"]
[Black "Divertissement"]
[Result "1-0"]
[WhiteElo "2768"]
[BlackElo "2404"]
[TimeControl "180+2"]
[EndTime "13:07:55 PST"]
[Termination "Parhamov won by resignation"]

1. Nf3 c5 2. g3 b6 3. Bg2 Bb7 4. O-O Nf6 5. Re1 g6 6. d3 Bg7 7. e4 O-O 8. Nbd2 d6 9. a3 Nc6 10. c3 e5 11. b4 h6 12. Nc4 Qe7 13. b5 Nd8 14. a4 Nd7 15. a5 bxa5 16. Nxa5 Nb6 17.
Nd2 Ne6 18. Nxb7 Qxb7 19. Nc4 Qc7 20. h4 Rab8 21. h5 Nxc4 22. dxc4 Qe7 23. Be3 f5 24. exf5 gxf5 25. Bh3 Kh8 26. Qd5 Rbe8 27. Rad1 Ng5 28.
Bxg5 Qxg5 29. Qxd6 f4 30. Qg6 fxg3 31. fxg3 e4 32.
Qxg5 hxg5 33. Re3 Rf3 34. Rxf3 exf3 35. Rd3 Re2 36. Bf5 Be5 37. Rxf3 Kg7 38. Bg6 Kh6 39. Kf1 Ra2 40. Rf7 g4 41. Bf5 Bxg3 42.
Bxg4 Be5 43. Rf5 Bxc3 44. Rxc5 Bd4 45. Rd5 Be3 46. Be2 Ra1+ 47. Kg2 Rc1 48. Kf3 Bb6 49.
Ke4 Rc3 50. Bd3 Rc1 51. Kf3 Re1 52. Be2 Rc1 53. Rd6+ Kxh5 54. Kf4+ 1-0

[Event "*** MasterClass Titled Tuesday Blitz"]
[Site "Chess.com"]
[Date "2017.12.12"]
[Round "1"]
[White "bascheyaro"]
[Black "Vamostodorecto"]
[Result "1-0"]
[WhiteElo "2636"]
[BlackElo "2328"]
[TimeControl "180+2"]
[EndTime "13:07:59 PST"]
[Termination "bascheyaro won on time"]

1. d4 Nf6 2. c4 g6 3. Nf3 d5 4.
Bf4 Bg7 5. e3 c5 6. dxc5 O-O 7.
Nc3 Qa5 8. Qb3 Ne4 9. Be5 Nxc5 10. Qb5 Qxb5 11. Nxb5 Nba6 12. Bxg7 Kxg7 13. cxd5 Bf5 14. Bc4 Nd3+ 15. Bxd3 Bxd3 16. Nc3 Nb4 17. Kd2 Bc4 18. e4 Rad8 19. b3 Ba6 20. Rad1 e6 21. a3 exd5 22.
exd5 Nxd5 23. Nxd5 Rxd5+ 24. Kc3 Rc8+ 25. Kb2 Rdc5 26. Rd2 b6 27. Re1 R5c7 28. Nd4 Kf8 29. f3 Re7 30. Rxe7 Kxe7 31. Nc2 Kf6 32. Ne3 Ke7 33. a4 Rd8 34. Rxd8 Kxd8 35. Kc3 Ke7 36. Kd4 Kd6 37. Nd5 Bf1 38. Ne3 Ba6 39. f4 Ke6 40. g3 f5 41. b4 Bb7 42. Nc4 h6 43. Ne5 g5 44. fxg5 hxg5 45. Nc4 f4 46.
gxf4 gxf4 47. h4 Kf6 48. Nd6 Bg2 49. Nc8 Kf5 50. Nxa7 Kg4 51. Nb5 f3 52. Ke3 Kg3 53.
Nc3 Bf1 54. h5 1-0

[Event "*** MasterClass Titled Tuesday Blitz"]
[Site "Chess.com"]
[Date "2017.12.12"]
[Round "1"]
[White "marreta84"]
[Black "gmcorrales"]
[Result "0-1"]
[WhiteElo "2322"]
[BlackElo "2627"]
[TimeControl "180+2"]
[EndTime "13:08:05 PST"]
[Termination "gmcorrales won on time"]

1. e4 c5 2. Nf3 d6 3. d4 cxd4 4. Nxd4 Nf6 5. Nc3 a6 6. f3 e5 7. Nb3 Be7 8. Be3 Be6 9. Nd5 Bxd5 10. exd5 Nbd7 11. c4 Rc8 12. Rc1 Nh5 13. g3 Bg5 14.
Qd2 Bxe3 15. Qxe3 f5 16. Be2 f4 17. Qf2 O-O 18. g4 Nhf6 19. O-O e4 20. Nd4 e3 21. Qe1 Qb6 22. Ne6 Rf7 23. b4 Nf8 24. Nxf4 N6d7 25.
Nd3 Ng6 26. Qc3 Nf4 27. Nxf4 Rxf4 28. Kg2 Ne5 29. c5 Qd8 30. Qxe3 Qg5 31. Rc3 Rcf8 32.
cxd6 h5 33. h3 Ng6 34. d7 hxg4 35. hxg4 Nh4+ 36. Kg3 Nf5+ 37. Kf2 Nxe3 38. Rxe3 Qxg4 39. Rg1 Qh4+ 40. Rg3 Rg4 41. f4 Qh2+ 42. Ke1 Rxg3 0-1

[Event "*** MasterClass Titled Tuesday Blitz"]
[Site "Chess.com"]
[Date "2017.12.12"]
[Round "1"]
[White "FMJoseHerrera"]
[Black "GeorgMeier"]
[Result "1-0"]
[WhiteElo "2437"]
[BlackElo "2780"]
[TimeControl "180+2"]
[EndTime "13:08:08 PST"]
[Termination "FMJoseHerrera won by checkmate"]

1. Nf3 d5 2. g3 Bg4 3. Bg2 e6 4.
O-O Nf6 5. d3 Be7 6. c3 O-O 7.
Nbd2 c5 8. Re1 Nc6 9. a3 Qc7 10. b4 Rfd8 11. b5 Na5 12. Nb3 Rac8 13. Bf4 Qb6 14. a4 h6 15. Ne5 Bf5 16. Nxa5 Qxa5 17. Qb3 Bd6 18. e4 dxe4 19. dxe4 Bh7 20. Nxf7 c4 21. Qa2 Kxf7 22. e5 Nh5 23. exd6 Nxf4 24. gxf4 Rxd6 25. Bxb7 Rc5 26. Rad1 Rxd1 27. Rxd1 Qxc3 28. Qe2 Qc2 29. Rd7+ Kf6 30. Qe3 Bd3 31. Qd4+ e5 32. Qd6+ Kf5 33. Rf7+ Kg4 34. Rxg7+ Kh5 35. Bf3+ Kh4 36. Qxh6# 1-0

[Event "*** MasterClass Titled Tuesday Blitz"]
[Site "Chess.com"]
[Date "2017.12.12"]
[Round "1"]
[White "florianschwabeneder"]
[Black "1random"]
[Result "1-0"]
[WhiteElo "2470"]
[BlackElo "2129"]
[TimeControl "180+2"]
[EndTime "13:08:08 PST"]
[Termination "florianschwabeneder won by resignation"]

1. e4 d5 2. exd5 Nf6 3. d4 Bg4 4. Be2 Bxe2 5. Qxe2 Qxd5 6. Nf3 e6 7. c4 Qh5 8. O-O Bd6 9. h3 c6 10. Nc3 O-O 11. Be3 Nbd7 12. Rab1 c5 13. Rfd1 Rfd8 14. d5 exd5 15. Nxd5 Bf8 16. Bg5 Qg6 17. Bxf6 Nxf6 18. Ne5 Qf5 19. g4 Qg5 20. Nf3 Qg6 21. Nxf6+ gxf6 22. Kg2 Rxd1 23. Rxd1 f5 24. Nh4 Qc6+ 25. Qf3 fxg4 26.
hxg4 Qb6 27. b3 Re8 28. Nf5 Re6 29. Rd7 Qc6 30. Qxc6 Rxc6 31. Rxb7 Ra6 32. a4 Rg6 33. Kf3 h5 1-0

[Event "*** MasterClass Titled Tuesday Blitz"]
[Site "Chess.com"]
[Date "2017.12.12"]
[Round "1"]
[White "JohanSalomon"]
[Black "BjarkeSahl"]
[Result "1-0"]
[WhiteElo "2513"]
[BlackElo "2229"]
[TimeControl "180+2"]
[EndTime "13:08:12 PST"]
[Termination "JohanSalomon won by resignation"]

1. e4 c6 2. Nc3 d5 3. Nf3 dxe4 4. Nxe4 Nf6 5. Qe2 Nxe4 6. Qxe4 Nd7 7. d4 Nf6 8. Qd3 Qb6 9. Be2 g6 10. O-O Bg7 11.
Bf4 O-O 12. Be5 Bf5 13. Qd2 Rad8 14. c3 Ne4 15. Qc1 c5 16. Bxg7 Kxg7 17. Qf4 cxd4 18. Nxd4 Nd6 19. Qe5+ Kg8 20. Nb3 Rfe8 21. c4 Qc7 22.
Rac1 Qd7 23. Rfd1 Qe6 24. Qxe6 Bxe6 25. Na5 b6 26. Nc6 Ra8 27. Bf3 Rac8 28. b3 a5 29. Nxe7+ Rxe7 30. Rxd6 a4 31. Rxb6 axb3 32. axb3 Bf5 33.
g4 Bd3 34. Rd6 Be4 35. Re1 Rce8 36. Bxe4 Rxe4 37. Rxe4 Rxe4 38. Rd3 Re1+ 39. Kg2 Rc1 40. h3 Kg7 41. Re3 Kf6 42. f4 h6 43. Kf3 Rc2 44. Ke4 Ke6 45. Kd4+ Kd6 46. b4 Rd2+ 47. Rd3 Rd1 1-0

[Event "*** MasterClass Titled Tuesday Blitz"]
[Site "Chess.com"]
[Date "2017.12.12"]
[Round "1"]
[White "JSPrepz"]
[Black "misha_chessone"]
[Result "1-0"]
[WhiteElo "2721"]
[BlackElo "2399"]
[TimeControl "180+2"]
[EndTime "13:08:16 PST"]
[Termination "JSPrepz won on time"]

1. e4 Nc6 2. Nf3 d6 3. d4 Nf6 4. Bd3 g6 5. c3 Bg7 6. O-O O-O 7. Re1 e5 8. h3 Nh5 9. d5 Ne7 10. c4 f5 11. Nc3 fxe4 12. Nxe4 h6 13. c5 Nf4 14.
cxd6 cxd6 15. Bxf4 Rxf4 16. Ng3 Nf5 17. Rc1 Bf8 18.
Be4 Qb6 19. Nf1 Ne7 20. Qc2 Bf5 21. Ng3 Rc8 22. Qe2 Rc5 23. Bxf5 gxf5 24. Nh5 Rb4 25. Nf6+ Kf7 26. Nd7 Rxc1 27. Nxb6 Rxe1+ 28. Nxe1 Rxb6 29. a4 Bg7 30. Nd3 a6 31. b4 e4 32. Qh5+ Kf6 33.
Nf4 Rxb4 34. Qe8 Rb1+ 35. Kh2 e3 36. fxe3 Rb4 37. Nh5+ Kg5 38. Nxg7 1-0

[Event "*** MasterClass Titled Tuesday Blitz"]
[Site "Chess.com"]
[Date "2017.12.12"]
[Round "1"]
[White "cheese111"]
[Black "aa175"]
[Result "0-1"]
[WhiteElo "2399"]
[BlackElo "1894"]
[TimeControl "180+2"]
[EndTime "13:08:18 PST"]
[Termination "aa175 won on time"]

1. e4 e5 2. Nf3 Nc6 3. Bc4 Bc5 4. O-O d6 5. d3 Nf6 6. c3 a6 7. Re1 Ba7 8. Bb3 O-O 9. h3 Kh8 10. d4 Qe7 11. Be3 Rd8 12. Nbd2 Qf8 13. Bg5 exd4 14. Bxf6 gxf6 15. Nc4 b5 16. Ncd2 dxc3 17. bxc3 Qg7 18. Kf1 Rg8 19. Nh4 Bxf2 20. Kxf2 Qg3+ 21. Kf1 Qxh4 22. Nf3 Qg3 23. Qe2 Bxh3 24. gxh3 Qxh3+ 25. Kf2 Rg2+ 26. Ke3 Qh6+ 27. Kd3 Rxe2 28. Rxe2 Ne5+ 29. Nxe5 dxe5 30. Rf1 Qh3+ 31. Kd2 Qxf1 32. Re1 Qf2+ 33. Kd1 Rd8+ 34. Bd5 c6 35. Re2 Qf1+ 36. Re1 Qd3+ 0-1

[Event "*** MasterClass Titled Tuesday Blitz"]
[Site "Chess.com"]
[Date "2017.12.12"]
[Round "1"]
[White "jposthuma"]
[Black "Rsnr"]
[Result "0-1"]
[WhiteElo "2325"]
[BlackElo "2633"]
[TimeControl "180+2"]
[EndTime "13:08:20 PST"]
[Termination "Rsnr won on time"]

1. d4 d5 2. c4 c6 3. Nf3 Nf6 4. g3 Bf5 5. Bg2 e6 6. O-O h6 7.
Nbd2 Be7 8. b3 O-O 9. Bb2 a5 10. a4 Na6 11. Ne5 Nb4 12. Rc1 Bh7 13. Ndf3 Ne4 14. Nd3 Qb6 15. c5 Qa6 16. Nxb4 axb4 17.
Ra1 b6 18. cxb6 Qxb6 19. Ne5 Rfc8 20. Rc1 Rc7 21. e3 c5 22. dxc5 Bxc5 23. Nd3 Bd6 24.
Rxc7 Qxc7 25. Qg4 f5 26. Qe2 Nc3 27. Qd2 Rc8 28. Rc1 Qa5 29. Nf4 Kf7 30. h4 g5 31.
hxg5 hxg5 32. Nd3 e5 33. Ne1 e4 34. Nc2 Be5 35. Nd4 Rc7 36. Bf1 Bg6 37. Kg2 Rc5 38.
Nb5 Kf6 39. Rc2 Be8 0-1

[Event "*** MasterClass Titled Tuesday Blitz"]
[Site "Chess.com"]
[Date "2017.12.12"]
[Round "1"]
[White "jcibarra"]
[Black "chessking2151"]
[Result "1-0"]
[WhiteElo "2695"]
[BlackElo "2368"]
[TimeControl "180+2"]
[EndTime "13:08:22 PST"]
[Termination "jcibarra won by resignation"]

1. e4 e5 2. Nf3 Nc6 3. Bb5 a6 4. Bxc6 dxc6 5. O-O f6 6. d4 exd4 7. Nxd4 c5 8. Nb3 Qxd1 9. Rxd1 Be6 10. Bf4 Rc8 11. Nc3 b6 12. a4 a5 13. Nb5 c6 14.
Na7 Ra8 15. Nxc6 Bd7 16. Nb8 Be6 17. Bc7 Be7 18. Nc6 Bf8 19. Bxb6 Ra6 20. Rd8+ Kf7 21.
Rb8 Bd6 22. Rb7+ Kg6 23. Nb8 Ra8 24. Nc6 Ra6 25. Rd1 Bc8 26. Rxd6 Bxb7 27. Nd8 Bc8 28.
Nxc5 Ra8 29. f4 Ne7 30. f5+ Kh5 31. h3 Rf8 32. g4+ Kh6 33. Nce6 Bxe6 34. Nxe6 Rfc8 35.
Be3+ g5 36. h4 Rg8 37. e5 1-0